 Dungeon Crawl Stone Soup version 0.30-a0-1114-gd936c97349 (webtiles) character file.

Game seed: 2284343744702954747

2 Hubris850 the Vexing (level 1, 0/7 HPs)
             Began as a Felid Enchanter on Apr 20, 2023.
             Slain by a frilled lizard (3 damage)
             ... on level 1 of the Dungeon.
             The game lasted 00:00:13 (23 turns).

Hubris850 the Vexing (Felid Enchanter)                Turns: 23, Time: 00:00:13

Health: 0/7        AC:  1    Str:  4    XL:     1   Next: 33%
Magic:  4/4        EV: 14    Int: 16    God:
Gold:   0          SH:  0    Dex: 16    Spells: 4/4 levels left
                                        Lives:  0   Deaths: 0

rFire   . . .      SeeInvis +      - Unarmed
rCold   . . .      Faith    .    (shield unavailable)
rNeg    . . .      Spirit   .    (body armour unavailable)
rPois   .          Reflect  .    (helmet unavailable)
rElec   .          Rampage  .    (cloak unavailable)
rCorr   .                        (gloves unavailable)
Will    .....                    (boots unavailable)
Stlth   +++                      (no amulet)
HPRegen 0.21/turn                (no ring)
MPRegen 0.09/turn                (no ring)

@: constricted, quick
A: very small, claws 1, fangs 3, see invisible, speed 1, shaggy fur 1, stealthy
paws, no weapons or thrown items, no armour, multi-lived
a: no special abilities


You were on level 1 of the Dungeon.
You visited 1 branch of the dungeon, and saw 1 of its levels.

Inventory:

Potions
 a - 2 potions of invisibility


   Skills:
 - Level 2.6 Dodging
 - Level 4.0 Stealth
 + Level 1.4 Unarmed Combat
 - Level 2.0 Spellcasting
 - Level 4.4 Hexes


You had 4 spell levels left.
You didn't know any spells.
Your spell library contained the following spells:

 Spells                   Type           Power      Damage    Failure   Level
 Confusing Touch          Hex            15%        N/A       11%         3
 Tukima's Dance           Hex            15%        N/A       11%         3
 Ensorcelled Hibernation  Hex/Ice        16%        N/A       13%         2
 Dazzling Flash           Conj/Hex       16%        N/A       26%         3


Dungeon Overview and Level Annotations

Branches:
Dungeon (1/15)

Altars:


Innate Abilities, Weirdness & Mutations

You have sharp claws.
You have razor-sharp teeth.
You have supernaturally acute eyesight. (SInv)
You cover ground quickly. (Speed+)
You are covered in fur. (AC +1)
Your paws help you pounce on unaware monsters.
You are incapable of wielding weapons or throwing items.
You cannot wear armour.
You gain extra lives every three experience levels.


Message History

There is an open door here.
A ball python comes into view.
Found a fizzy inky potion.
An endoplasm, a ball python and a frilled lizard come into view.
Found 7 gold pieces and 2 scrolls labelled ZOL IROENEHU.
Found two stone staircases leading down.
Found 5 gold pieces.
You pounce on the unaware helpless ball python!
You claw the ball python!
You kill the ball python!
The endoplasm quivers.
The endoplasm closely misses you.
You see here a fizzy inky potion.
You scratch the endoplasm.
The endoplasm is heavily wounded.
The endoplasm freezes you.
You are frozen.
You scratch the endoplasm but do no damage.
The endoplasm is heavily wounded.
The endoplasm barely misses you.
You scratch the endoplasm.
You kill the endoplasm!
The ball python hisses angrily.
The frilled lizard hisses angrily.
You barely miss the ball python. The ball python closely misses you.
The ball python barely misses you.
You closely miss the ball python. The ball python closely misses you.
The ball python misses you. The ball python closely misses you.
The ball python barely misses you.
You miss the frilled lizard. The frilled lizard barely misses you.
The ball python misses you. The ball python grabs you.
The ball python constricts you.
You scratch the ball python.
The ball python is moderately wounded.
The ball python closely misses you. The ball python constricts you.
The frilled lizard closely misses you.
You closely miss the ball python. Your bite misses the ball python.
The ball python is moderately wounded.
The ball python bites you. The ball python constricts you.
The frilled lizard bites you.
You die...

#.# #####.. ..
#.....##.#
#........#
##........#
#.#>....#..?#
#....l..#...#
#..S@!....# ..
##...$...†.####
..###.............#
#..............##..#
........>..........#
.......###.....#.$.#
#...........##....#
##.......### ....#
###...### ..##


You could see a ball python and a frilled lizard.

Vanquished Creatures
  A ball python (D:1)
  An endoplasm (D:1)
2 creatures vanquished.

Notes
Turn   | Place    | Note
-------+----------+-------------------------------------------
     0 | D:1      | Hubris850 the Felid Enchanter began the quest for the Orb.
     0 | D:1      | Reached XP level 1. HP: 7/7 MP: 4/4
    23 | D:1      | Slain by a frilled lizard

Illustrated notes

Levels and vault maps discovered:
D:1:      onia_arrival_pentagram, layout_rooms

Action                     || total
---------------------------++-------
  Melee: Unarmed           ||     9
   Stab: Sleeping          ||     1
  Dodge: Dodged            ||    12

Table legend: (Time is in decaauts)
 A = Elapsed time spent in this place.
 B = Non-inter-level travel time spent in this place.
 C = Inter-level travel time spent in this place.
 D = Time resting spent in this place.
 E = Time spent auto-exploring this place.
 F = Levels seen in this place.
 G = Mean time per level.
                   A        B        C        D        E       F      G
               +--------+--------+--------+--------+--------+-----+--------+
         Total |     20 |     20 |      0 |      0 |      4 |   1 |   20.0 |
       Dungeon |     20 |     20 |      0 |      0 |      4 |   1 |   20.0 |
               +--------+--------+--------+--------+--------+-----+--------+

Top non-repeatable levels by time:
     D:1: 20 daAuts
